 Dungeon Crawl Stone Soup version 0.31-a0-955-gcb8bc90ed4 (webtiles) character file.

Game seed: 86512216992933796

59 Morbidden the Conjurer (level 3, -1/25 HPs)
             Began as a Demonspawn Conjurer on Oct 22, 2023.
             Killed by divine providence
             ... invoked by an orc priest
              (12 damage)
             ... on level 2 of the Dungeon.
             The game lasted 00:01:44 (1928 turns).

Morbidden the Conjurer (Demonspawn Conjurer)        Turns: 1928, Time: 00:01:45

Health: -1/25      AC:  3    Str:  7    XL:     3   Next: 78%
Magic:  0/6        EV: 12    Int: 21    God:
Gold:   112        SH:  0    Dex: 11    Spells: 3/6 levels left

rFire   . . .        a - +2 dagger (venom)
rCold   . . .        (no shield)
rNeg    . . .        m - +0 robe
rPois   .            (no helmet)
rElec   .            (no cloak)
rCorr   .            (no gloves)
SInv    .            h - +0 pair of boots
Will    .....        (no amulet)
Stlth   ++           (no ring)
HPRegen 0.24/turn    (no ring)
MPRegen 0.10/turn

%: no passive effects
@: no status effects
A: spiny 1
a: no special abilities


You were on level 2 of the Dungeon.
You visited 1 branch of the dungeon, and saw 3 of its levels.

You collected 112 gold pieces.

Inventory:

Hand Weapons
 a - a +2 dagger of venom (weapon)
Armour
 h - a +0 pair of boots (worn)
 m - a +0 robe (worn)
Jewellery
 n - the ring "Jowuh" {Fire +Blink Str-3 Dex+5}
   (You found it on level 2 of the Dungeon)

   [ring of fire]

   Fire:      It enhances your fire magic.
   Str-3:     It affects your strength (-3).
   Dex+5:     It affects your dexterity (+5).
   rF+:       It protects you from fire.
   rC-:       It makes you vulnerable to cold.
   +Blink:    It lets you blink.
Talismans
 g - a beast talisman
Scrolls
 c - a scroll of revelation {unknown}
 e - 2 scrolls of fear {unknown}
 j - 2 scrolls of identify {unknown}
 o - a scroll of immolation {unknown}
 p - a scroll of fog {unknown}
Potions
 b - 2 potions of magic
 d - a potion of attraction {unknown}
 f - a potion of heal wounds {unknown}
 i - a potion of curing {unknown}
 k - a potion of lignification {unknown}
 l - a potion of degeneration {unknown}
 q - 2 potions of experience {unknown}
 r - a potion of ambrosia {unknown}
 s - a potion of enlightenment {unknown}


   Skills:
 * Level 0.8 Fighting
 * Level 2.0 Dodging
 + Level 1.7 Stealth
 * Level 2.3 Spellcasting
 * Level 5.0 Conjurations
 * Level 0.1 Shapeshifting


You had 3 spell levels left.
You knew the following spells:

 Your Spells              Type           Power      Damage    Failure   Level
a - Magic Dart            Conj           92%        1d7       1%          1
b - Searing Ray           Conj           46%        2d6       2%          2

Your spell library contained the following spells:

 Spells                   Type           Power      Damage    Failure   Level
 Apportation              Tloc           4%         N/A       14%         1
 Necrotise                Necr           8%         1d4       14%         1
 Sandblast                Erth           4%         2d4       14%         1
 Summon Small Mammal      Summ           8%         N/A       14%         1
 Dazzling Flash           Conj/Hex       24%        N/A       16%         3
 Stone Arrow              Conj/Erth      24%        3d8       16%         3
 Passwall                 Tmut/Erth      1%         N/A       22%         2
 Vampiric Draining        Necr           2%         2d6       41%         3
 Brom's Barrelling Bould  Conj/Erth      12%        2d4       45%         4
 Fulminant Prism          Conj/Hex       6%         3d7       45%         4
 Iskenderun's Mystic Bla  Conj/Tloc      12%        2d5       45%         4
 Agony                    Necr           2%         N/A       99%         5


Dungeon Overview and Level Annotations

Branches:
Dungeon (3/15)

Altars:

Shops:
D:2 [

Annotations:
D:2 1 runed translucent door, Crazy Yiuf


Innate Abilities, Weirdness & Mutations

You are partially covered in sharp spines.


Message History

Aiming: Magic Dart (safe; 1% risk of failure)
Press: ? - help, Shift-Dir - straight line, f - orc priest
Aim: an orc priest, wielding a +0 war axe (100% to hit)
The magic dart hits the orc priest.
The orc priest is lightly wounded.
Unknown command.
Casting: Magic Dart (safe; 1% risk of failure)
Confirm with . or Enter, or press ? or * to list all spells.
Aiming: Searing Ray (safe; 2% risk of failure)
Press: ? - help, Shift-Dir - straight line, f/p - orc priest
Aim: an orc priest, wielding a +0 war axe (lightly wounded, 78% to hit)
The searing ray hits the orc priest!
The orc priest is heavily wounded. (Press . to maintain the ray.) Unknown command.
The searing ray misses the orc priest.
The searing ray hits the orc!
You kill the orc!
The orc priest is struck by your spines.
The orc priest hits you with a +0 war axe.
Unknown command.
The orc priest hits you with a +0 war axe!
You climb upwards.
Level annotation: 1 runed translucent door, Crazy Yiuf
There is a stone staircase leading down here.
Unknown command.
You are too injured to fight recklessly!
You are too injured to fight recklessly!
You are too injured to fight recklessly!
You are too injured to fight recklessly!
Unknown command.
Casting: Searing Ray (safe; 2% risk of failure)
Confirm with . or Enter, or press ? or * to list all spells.
You don't have enough magic to cast this spell.
Unknown command.
Unknown command.
You completely miss the orc priest.
The orc priest is severely wounded.
The orc priest invokes the aid of Beogh against you.
Beogh smites you!
You die...

#####.###...........#
........<...........#
#####...#......###..#
###.#...........#
#.............#
##.#...........# #
##..#.###..###[.#
#####..##........o..#
......######....@...#
†###.## ########## .#
#.# ## #.# # #.# #
##.# #..# #.## ##.#


You could see an orc priest.

Vanquished Creatures
  An adder (D:2)
  A worm (D:2)
  A dart slug (D:1)
  2 orcs (D:3)
  5 endoplasms
  2 giant cockroaches (D:1)
  3 goblins (D:1)
  4 hobgoblins
  4 kobolds (D:1)
  A quokka (D:1)
  7 ball pythons
  3 bats
  4 frilled lizards
  5 rats
43 creatures vanquished.

Notes
Turn   | Place    | Note
-------+----------+-------------------------------------------
     0 | D:1      | Morbidden the Demonspawn Conjurer began the quest for the
                  | Orb.
     0 | D:1      | Reached XP level 1. HP: 13/13 MP: 3/3
   177 | D:1      | Gained mutation: You are partially covered in sharp spines.
                  | [demonic ancestry]
   177 | D:1      | Reached XP level 2. HP: 19/19 MP: 3/5
   401 | D:1      | Learned a level 2 spell: Searing Ray
   637 | D:1      | Reached XP level 3. HP: 25/25 MP: 2/6
  1076 | D:2      | Found Bainool's Antique Armour Boutique.
  1158 | D:2      | Found a faded altar of an unknown god.
  1172 | D:2      | Identified the ring "Jowuh" {Fire +Blink Str-3 Dex+5}
  1363 | D:2      | Found a runed translucent door.
  1364 | D:2      | Noticed Crazy Yiuf
  1481 | D:2      | Identified the +4 spear of Qofoip {flame, Drain rPois
                  | Dex+4}
  1923 | D:3      | Reached skill level 5 in Conjurations
  1928 | D:2      | Killed from afar by an orc priest

Illustrated notes

Levels and vault maps discovered:
D:1:      giann_bridges, layout_rooms, minmay_tromino_v4_c
D:2:      minmay_skewed_foursquare, layout_basic,
          hellmonk_ecumenical_altar_lost_god, serial_shops,
          nicolae_shop_hallway_stairs, interstate_on_off, roderic_lattice_a,
          uniq_crazy_yiuf_cottage
D:3:      layout_basic

Skill      XL: |  1  2  3 |
---------------+----------+-----
Dodging        | 2 |  2.0
Conjurations   | 5 |  5.0
Fighting       | |  0.8
Stealth        | |  1.7
Spellcasting   | |  2.3
Shapeshifting  | |  0.1

Action                     || total
---------------------------++-------
  Melee: Unarmed           ||    13
         Punch             ||     1
         Dagger            ||     1
   Cast: Magic Dart        ||    73
         Searing Ray       ||     1
 Armour: Robe              ||    13
  Dodge: Dodged            ||     8

Table legend: (Time is in decaauts)
 A = Elapsed time spent in this place.
 B = Non-inter-level travel time spent in this place.
 C = Inter-level travel time spent in this place.
 D = Time resting spent in this place.
 E = Time spent auto-exploring this place.
 F = Levels seen in this place.
 G = Mean time per level.
                   A        B        C        D        E       F      G
               +--------+--------+--------+--------+--------+-----+--------+
         Total |   1930 |   1859 |     71 |      0 |   1656 |   3 |  643.3 |
       Dungeon |   1930 |   1859 |     71 |      0 |   1656 |   3 |  643.3 |
               +--------+--------+--------+--------+--------+-----+--------+

Top non-repeatable levels by time:
     D:2: 1089 daAuts
     D:1: 833 daAuts
     D:3: 6 daAuts
